cohdb
Replays
Latest Replays
All Replays
Popular Replays
Top Player Replays
Match Explorer
How It Works
Community
CoH3 Stats
Reddit
Sign in to upload your games and track your stats! →
Sign in with Steam
Match 42255502
Unlisted
Match 42255502
Overview
Messages
Build Orders
End
Selects Italian Coastal Battlegroup
Selects Coastal Reserves
Coastal Reserve
Coastal Reserve
Coastal Reserve
Coastal Reserve
Coastal Reserve
MG 42 Bunker
Selects Support Bunkers
MG 42 Bunker
Medical Bunker
Coastal Reserve
Selects Rapid Fortifications
MG 42 Bunker
Construct Infanterie Kompanie
Selects Bulwark
Construct Panzergrenadier Kompanie
Selects Artillery Officer
Construct Panzer Kompanie
Panzer IV Medium Tank
Coastal Reserve
Juve226
Tur75
Torus
Clone Pilot
mp5
Dawes
BustRobot
Whitent
0
0
Comments
sign in to comment!
No comments posted yet!